 Dungeon Crawl Stone Soup version 0.31.0-9-g3a7656b989 (webtiles) character file.

Game seed: 18160767084609886960

73 qw the Shooter (level 4, -3/25 HPs)
             Began as a Deep Elf Hunter on Feb 2, 2024.
             Incinerated by a bombardier beetle (7 damage)
             ... with a burning spray
             ... on level 3 of the Dungeon.
             The game lasted 00:00:10 (1154 turns).

qw the Shooter (Deep Elf Hunter)                    Turns: 1154, Time: 00:00:10

Health: -3/25      AC:  6    Str: 10    XL:     4   Next: 8%
Magic:  6/6        EV: 11    Int: 14    God:
Gold:   14         SH:  0    Dex: 18    Spells: 3/3 levels left

rFire   . . .        a - +0 shortbow
rCold   . . .        (shield currently unavailable)
rNeg    . . .        d - +0 ring mail
rPois   .            g - +0 helmet
rElec   .            (no cloak)
rCorr   .            (no gloves)
SInv    .            (no boots)
Will    .....        (no amulet)
Stlth   +            (no ring)
HPRegen 0.24/turn    (no ring)
MPRegen 0.10/turn

%: no passive effects
@: on fire, glowing
A: no striking features
a: no special abilities


You were on level 3 of the Dungeon.
You visited 1 branch of the dungeon, and saw 4 of its levels.

You collected 14 gold pieces.


   Skills:
 - Level 1.5 Fighting
 + Level 7.5 Ranged Weapons
 - Level 2.4 Dodging
 - Level 1.2 Stealth


You had 3 spell levels left.
You didn't know any spells.
Your spell library was empty.

Inventory:

Hand Weapons
 a - a +0 shortbow (weapon)
Armour
 b - a +0 pair of boots
 d - a +0 ring mail (worn)
 g - a +0 helmet (worn)
Wands
 c - a wand of charming (12)
Potions
 f - a potion of cancellation {unknown}

Dungeon Overview and Level Annotations

Branches:
Dungeon (4/15)
 Temple: D:4-7

Altars:


Message History

You shoot an arrow. The arrow hits the goblin.
The goblin is heavily wounded.
The goblin unwields a +0 dagger.
The goblin wields a +0 sling.
The goblin shoots a sling bullet.
The sling bullet barely misses you.
You shoot an arrow. The arrow hits the goblin.
You kill the goblin!
b - a +0 pair of boots A bombardier beetle comes into view.
You shoot an arrow.
The arrow hits the bombardier beetle but does no damage.
You shoot an arrow.
The arrow hits the bombardier beetle but does no damage.
You shoot an arrow. The arrow hits the bombardier beetle!
The bombardier beetle is heavily wounded.
The bombardier beetle sprays incendiary fluid at you.
The burning spray hits you.
You are covered in liquid fire!
You shoot an arrow.
The arrow hits the bombardier beetle but does no damage.
The bombardier beetle is heavily wounded.
The liquid fire burns you!
The bombardier beetle sprays incendiary fluid at you.
The burning spray hits you.
You are even more covered in liquid fire!
You shoot an arrow. The arrow hits the bombardier beetle.
The bombardier beetle is heavily wounded.
The liquid fire burns you!
You shoot an arrow. The arrow hits the bombardier beetle.
The bombardier beetle is heavily wounded.
The liquid fire burns you!
You shoot an arrow. The arrow hits the bombardier beetle.
The bombardier beetle is almost dead.
The liquid fire burns you!
You shoot an arrow. The arrow hits the bombardier beetle.
The bombardier beetle is almost dead.
The liquid fire burns you!
You shoot an arrow. The arrow hits the bombardier beetle!
You kill the bombardier beetle!
The liquid fire burns you!
You die...

#(.# #.## ##..# #..#
##.###...# #..#
#.#.##.##### ##..###
#..##...... #.....##
#..###.###. #......##
#......#
#.......#####..#.####
#......................
#.....@############.#..
####.#.# .# #.#.# #
#.#.# ..#.. # ##. . ..


There were no monsters in sight!

Vanquished Creatures
  A bombardier beetle (D:3)
  3 adders (D:2)
  A ribbon worm (D:4)
  3 endoplasms
  5 giant cockroaches
  6 goblins
  5 hobgoblins
  2 quokkas (D:1)
  4 ball pythons (D:1)
  5 bats (D:1)
  2 frilled lizards
  6 rats
43 creatures vanquished.

Notes
Turn   | Place    | Note
-------+----------+-------------------------------------------
     0 | D:1      | qw the Deep Elf Hunter began the quest for the Orb.
     0 | D:1      | Reached XP level 1. HP: 12/12 MP: 3/3
     0 | D:1      | 0 ||| qw: Version: 0.3-a-155-g5e7d8dd
     0 | D:1      | 0 ||| qw: Game counter: 331
     0 | D:1      | 0 ||| qw: Melee chars always use a shield: true
     0 | D:1      | 0 ||| qw: God list: Okawaru
     0 | D:1      | 0 ||| qw: Allow faded altars: false
     0 | D:1      | 0 ||| qw: Do Orc after clearing Dungeon:15 true
     0 | D:1      | 0 ||| qw: Do second Lair branch before Depths: true
     0 | D:1      | 0 ||| qw: Lair rune preference: random
     0 | D:1      | 0 ||| qw: Goals: Normal
     0 | D:1      | 0 ||| PLANNING D:1-11
    39 | D:1      | Reached XP level 2. HP: 16/16 MP: 4/4
    44 | D:1      | Reached skill level 6 in Ranged Weapons
   264 | D:1      | Reached XP level 3. HP: 20/20 MP: 5/5
   327 | D:1      | Found a faded altar of an unknown god.
   426 | D:1      | 426 ||| UPGRADING to +0 ring mail.
   436 | D:1      | 436 ||| DROPPING +0 leather armour.
   437 | D:1      | 437 ||| UPGRADING to +0 helmet.
   442 | D:1      | 442 ||| DROPPING scroll of butterflies.
   547 | D:2      | Reached skill level 7 in Ranged Weapons
   744 | D:2      | You fall into a shaft and drop 2 floors!
   771 | D:4      | 771 ||| READING scroll labelled GOYVIS BOKUTHO.
   872 | D:4      | 872 ||| READING scroll labelled RIRUSH MAOCH.
   872 | D:4      | 872 ||| IDENTIFYING bubbling golden potion
   873 | D:4      | 873 ||| READING scroll labelled HAECEVY VOIRGHI.
   874 | D:4      | 874 ||| READING scroll labelled HEKHLI CIGU.
   883 | D:4      | HP: 5/20 [ribbon worm (1)]
   893 | D:4      | Reached XP level 4. HP: 7/25 MP: 6/6
   964 | D:4      | 964 ||| READING scroll labelled RAUWIL JUFEXT.
   965 | D:4      | 965 ||| DROPPING potion of magic.
   966 | D:4      | 966 ||| Stepping randomly (stuck).
   967 | D:4      | 967 ||| Stepping randomly (stuck).
   968 | D:4      | 968 ||| Stepping randomly (stuck).
   969 | D:4      | 969 ||| Stepping randomly (stuck).
   970 | D:4      | 970 ||| Stepping randomly (stuck).
   971 | D:4      | 971 ||| Stepping randomly (stuck).
   972 | D:4      | 972 ||| Stepping randomly (stuck).
   973 | D:4      | 973 ||| Stepping randomly (stuck).
   974 | D:4      | 974 ||| Stepping randomly (stuck).
   975 | D:4      | 975 ||| Stepping randomly (stuck).
   976 | D:4      | 976 ||| Stepping randomly (stuck).
   977 | D:4      | 977 ||| Stepping randomly (stuck).
   978 | D:4      | 978 ||| Stepping randomly (stuck).
   979 | D:4      | 979 ||| Stepping randomly (stuck).
   980 | D:4      | 980 ||| Stepping randomly (stuck).
   981 | D:4      | 981 ||| Stepping randomly (stuck).
   982 | D:4      | 982 ||| Stepping randomly (stuck).
   983 | D:4      | 983 ||| Stepping randomly (stuck).
   984 | D:4      | 984 ||| Stepping randomly (stuck).
   985 | D:4      | 985 ||| Stepping randomly (stuck).
   986 | D:4      | 986 ||| Stepping randomly (stuck).
   987 | D:4      | 987 ||| Stepping randomly (stuck).
   988 | D:4      | 988 ||| Stepping randomly (stuck).
   989 | D:4      | 989 ||| Stepping randomly (stuck).
   990 | D:4      | 990 ||| Stepping randomly (stuck).
   991 | D:4      | 991 ||| Stepping randomly (stuck).
   992 | D:4      | 992 ||| Stepping randomly (stuck).
   993 | D:4      | 993 ||| Stepping randomly (stuck).
   994 | D:4      | 994 ||| Stepping randomly (stuck).
   995 | D:4      | 995 ||| Stepping randomly (stuck).
   996 | D:4      | 996 ||| Stepping randomly (stuck).
   997 | D:4      | 997 ||| Stepping randomly (stuck).
   998 | D:4      | 998 ||| Stepping randomly (stuck).
   999 | D:4      | 999 ||| Stepping randomly (stuck).
  1000 | D:4      | 1000 ||| Stepping randomly (stuck).
  1001 | D:4      | 1001 ||| Stepping randomly (stuck).
  1002 | D:4      | 1002 ||| Stepping randomly (stuck).
  1003 | D:4      | 1003 ||| Stepping randomly (stuck).
  1004 | D:4      | 1004 ||| Stepping randomly (stuck).
  1005 | D:4      | 1005 ||| Stepping randomly (stuck).
  1006 | D:4      | 1006 ||| Stepping randomly (stuck).
  1007 | D:4      | 1007 ||| Stepping randomly (stuck).
  1008 | D:4      | 1008 ||| Stepping randomly (stuck).
  1009 | D:4      | 1009 ||| Stepping randomly (stuck).
  1010 | D:4      | 1010 ||| Stepping randomly (stuck).
  1011 | D:4      | 1011 ||| Stepping randomly (stuck).
  1012 | D:4      | 1012 ||| Stepping randomly (stuck).
  1013 | D:4      | 1013 ||| Stepping randomly (stuck).
  1014 | D:4      | 1014 ||| Stepping randomly (stuck).
  1015 | D:4      | 1015 ||| Stepping randomly (stuck).
  1016 | D:4      | 1016 ||| Stepping randomly (stuck).
  1017 | D:4      | 1017 ||| Stepping randomly (stuck).
  1018 | D:4      | 1018 ||| Stepping randomly (stuck).
  1019 | D:4      | 1019 ||| Stepping randomly (stuck).
  1020 | D:4      | 1020 ||| Stepping randomly (stuck).
  1021 | D:4      | 1021 ||| Stepping randomly (stuck).
  1022 | D:4      | 1022 ||| Stepping randomly (stuck).
  1023 | D:4      | 1023 ||| Stepping randomly (stuck).
  1024 | D:4      | 1024 ||| Stepping randomly (stuck).
  1025 | D:4      | 1025 ||| Stepping randomly (stuck).
  1026 | D:4      | 1026 ||| Stepping randomly (stuck).
  1027 | D:4      | 1027 ||| Stepping randomly (stuck).
  1028 | D:4      | 1028 ||| Stepping randomly (stuck).
  1029 | D:4      | 1029 ||| Stepping randomly (stuck).
  1030 | D:4      | 1030 ||| Stepping randomly (stuck).
  1031 | D:4      | 1031 ||| Stepping randomly (stuck).
  1032 | D:4      | 1032 ||| Stepping randomly (stuck).
  1033 | D:4      | 1033 ||| Stepping randomly (stuck).
  1034 | D:4      | 1034 ||| Stepping randomly (stuck).
  1035 | D:4      | 1035 ||| Stepping randomly (stuck).
  1036 | D:4      | 1036 ||| Stepping randomly (stuck).
  1037 | D:4      | 1037 ||| Stepping randomly (stuck).
  1038 | D:4      | 1038 ||| Stepping randomly (stuck).
  1039 | D:4      | 1039 ||| Stepping randomly (stuck).
  1040 | D:4      | 1040 ||| Stepping randomly (stuck).
  1041 | D:4      | 1041 ||| Stepping randomly (stuck).
  1042 | D:4      | 1042 ||| Stepping randomly (stuck).
  1043 | D:4      | 1043 ||| Stepping randomly (stuck).
  1044 | D:4      | 1044 ||| Stepping randomly (stuck).
  1045 | D:4      | 1045 ||| Stepping randomly (stuck).
  1046 | D:4      | 1046 ||| Stepping randomly (stuck).
  1047 | D:4      | 1047 ||| Stepping randomly (stuck).
  1048 | D:4      | 1048 ||| Stepping randomly (stuck).
  1049 | D:4      | 1049 ||| Stepping randomly (stuck).
  1050 | D:4      | 1050 ||| Stepping randomly (stuck).
  1051 | D:4      | 1051 ||| Stepping randomly (stuck).
  1052 | D:4      | 1052 ||| Stepping randomly (stuck).
  1053 | D:4      | 1053 ||| Stepping randomly (stuck).
  1054 | D:4      | 1054 ||| Stepping randomly (stuck).
  1055 | D:4      | 1055 ||| Stepping randomly (stuck).
  1056 | D:4      | 1056 ||| Stepping randomly (stuck).
  1057 | D:4      | 1057 ||| Stepping randomly (stuck).
  1058 | D:4      | 1058 ||| Stepping randomly (stuck).
  1059 | D:4      | 1059 ||| Stepping randomly (stuck).
  1060 | D:4      | 1060 ||| Stepping randomly (stuck).
  1061 | D:4      | 1061 ||| Stepping randomly (stuck).
  1062 | D:4      | 1062 ||| Stepping randomly (stuck).
  1063 | D:4      | 1063 ||| Stepping randomly (stuck).
  1064 | D:4      | 1064 ||| Stepping randomly (stuck).
  1065 | D:4      | 1065 ||| Stepping randomly (stuck).
  1066 | D:4      | 1066 ||| Stepping randomly (stuck).
  1067 | D:4      | 1067 ||| Stepping randomly (stuck).
  1068 | D:4      | 1068 ||| Stepping randomly (stuck).
  1069 | D:4      | 1069 ||| Stepping randomly (stuck).
  1070 | D:4      | 1070 ||| Stepping randomly (stuck).
  1071 | D:4      | 1071 ||| Stepping randomly (stuck).
  1072 | D:4      | 1072 ||| Stepping randomly (stuck).
  1073 | D:4      | 1073 ||| Stepping randomly (stuck).
  1074 | D:4      | 1074 ||| Stepping randomly (stuck).
  1075 | D:4      | 1075 ||| Stepping randomly (stuck).
  1076 | D:4      | 1076 ||| Stepping randomly (stuck).
  1077 | D:4      | 1077 ||| Stepping randomly (stuck).
  1078 | D:4      | 1078 ||| Stepping randomly (stuck).
  1079 | D:4      | 1079 ||| Stepping randomly (stuck).
  1080 | D:4      | 1080 ||| Stepping randomly (stuck).
  1081 | D:4      | 1081 ||| Stepping randomly (stuck).
  1082 | D:4      | 1082 ||| Stepping randomly (stuck).
  1083 | D:4      | 1083 ||| Stepping randomly (stuck).
  1084 | D:4      | 1084 ||| Stepping randomly (stuck).
  1085 | D:4      | 1085 ||| Stepping randomly (stuck).
  1086 | D:4      | 1086 ||| Stepping randomly (stuck).
  1087 | D:4      | 1087 ||| Stepping randomly (stuck).
  1153 | D:3      | HP: 3/25 [burnt (5)]
  1154 | D:3      | Incinerated by a bombardier beetle

Levels and vault maps discovered:
D:1:      lemuel_arrival_behind_the_door_small, layout_rooms,
          basic_ecumenical_altar, hangedman_decor_peaks_small
D:2:      layout_basic, basic_altar, serial_shops, shop
D:3:      layout_loops_ring, kennysheep_generic_room_7
D:4:      layout_basic, beargit_hepliaklqana_dungeon_heroes,
          xom_confusion_cloud, chequers_temple_overflow_minitemple

Skill      XL: |  1  2  3 |
---------------+----------+-----
Ranged Weapons | 6 7 |  7.5
Fighting       | |  1.5
Dodging        | |  2.4
Stealth        | |  1.2

Action                     |  1- 3 |  4- 6 || total
---------------------------+-------+-------++-------
   Fire: Shortbow          |   125 |    13 ||   138
    Use: Scroll            |     4 |     1 ||     5
 Armour: Leather armour    |     8 |       ||     8
         Ring mail         |    14 |       ||    14
  Dodge: Dodged            |    27 |     1 ||    28

Table legend:
 A = Non-vault XP
 B = Vault XP
 C = Vault XP percentage of total XP
 D = Non-vault monster count
 E = Vault monster count
 F = Vault count percentage of total count
                 A         B        C        D         E       F
            +---------+---------+-------+---------+---------+-------
      Total |     159 |       0 |   0.0 |      43 |       0 |   0.0
            +---------+---------+-------+---------+---------+-------
        D:1 |      49 |       0 |   0.0 |      31 |       0 |   0.0
        D:2 |      46 |       0 |   0.0 |       7 |       0 |   0.0
        D:3 |      57 |       0 |   0.0 |       3 |       0 |   0.0
        D:4 |       7 |       0 |   0.0 |       2 |       0 |   0.0
            +---------+---------+-------+---------+---------+-------
